 Dungeon Crawl Stone Soup version 0.19.0-26-g9e9c210 (webtiles) character file.

72 Lochraine the Chiller (level 4, -6/33 HPs)
             Began as a Ghoul Ice Elementalist on Nov 23, 2016.
             Mangled by an ogre
             ... wielding a +0 giant club
              (26 damage)
             ... on level 4 of the Dungeon.
             The game lasted 00:05:45 (3079 turns).

Lochraine the Chiller (Ghoul Ice Elementalist)      Turns: 3079, Time: 00:05:46

Health: -6/33      AC:  3    Str: 11    XL:     4   Next: 25%
Magic:  6/6        EV:  6    Int: 11    God:
Gold:   185        SH: 10    Dex:  9    Spells: 3 memorised, 1 level left

rFire  . . .     SeeInvis .       - Unarmed
rCold  + . .     Gourm    .     q - +0 leather armour
rNeg   + + +     Faith    .     p - +0 large shield
rPois  ∞         Spirit   .     (no helmet)
rElec  .         Reflect  .     (no cloak)
rCorr  .         Harm     .     (no gloves)
MR     .....                    (no boots)
Stlth  ++........               (no amulet)
                                m - ring of wizardry
                                g - ring of stealth

@: rotting
A: rotting body, claws 1, carnivore 3, cold resistance 1, negative energy
resistance 3, slow regeneration 1, torment resistance, unbreathing
a: no special abilities


You were on level 4 of the Dungeon.
You were not hungry.

You visited 1 branch of the dungeon, and saw 4 of its levels.

You collected 185 gold pieces.

Inventory:

Armour
 a - a +0 robe
 p - a +0 large shield (worn)
 q - a +0 leather armour (worn)
Jewellery
 g - a ring of stealth (left claw)
 m - a ring of wizardry (right claw)
Wands
 r - a wand of confusion (13/48)
Scrolls
 d - a scroll of blinking {unknown}
 e - 6 scrolls of identify {unknown}
 f - a scroll of recharging {unknown}
 h - 2 scrolls of magic mapping {unknown}
 i - a scroll of amnesia {unknown}
 j - 2 scrolls of remove curse {unknown}
 k - a scroll of immolation {unknown}
 t - a scroll of enchant armour {unknown}
Potions
 l - a potion of heal wounds {unknown}
 n - a potion of haste {unknown}
 s - a potion of flight {unknown}
Books
 b - a book of Frost

   Spells                             Type                      Level
   a - Freeze                         Ice                          1
   b - Throw Frost                    Conjuration/Ice              2
   c - Ozocubu's Armour               Charms/Ice                   3
   d - Throw Icicle                   Conjuration/Ice              4
   e - Summon Ice Beast               Ice/Summoning                4
Comestibles
 c - a meat ration
 o - a chunk of flesh


   Skills:
 - Level 1.7 Dodging
 - Level 2.1 Stealth
 * Level 0.8 Shields
 + Level 1.9 Unarmed Combat
 - Level 2.2 Spellcasting
 - Level 1.2 Conjurations
 - Level 4.1 Ice Magic


You had one spell level left.
You knew the following spells:

 Your Spells              Type           Power        Failure   Level  Hunger
a - Freeze                Ice            ##..         80%         1    ##.....
b - Throw Frost           Conj/Ice       #.....       98%         2    ###....
c - Ozocubu's Armour      Chrm/Ice       #.......     100%        3    ####...


Dungeon Overview and Level Annotations

Branches:
Dungeon (4/15)
 Temple: D:4-7

Altars:

Annotations:
D:3 kengeki's ghost, weakling HuFi


Innate Abilities, Weirdness & Mutations

Your body is rotting away.
You thrive on raw meat.
You are immune to poison.
You have sharp fingernails.
You are carnivorous and can eat meat at any time.
Your flesh is cold resistant. (rC+)
You are immune to negative energy. (rN+++)
You regenerate slowly when monsters are visible.
You are immune to unholy pain and torment.
You can survive without breathing.


Message History

No target in view!
You see here a giant cockroach corpse.
You butcher the giant cockroach corpse.
o - a chunk of flesh An ogre comes into view.
It is wielding a giant club.
There is an open door here.
A worm comes into view.
The ogre shouts!
There is an open door here.
The ogre barely misses you.
Your shield prevents you from hitting the ogre.
You barely miss the ogre. You block the ogre's attack.
You scratch the ogre.
The ogre is moderately wounded.
The ogre hits you with a giant club!
You scratch the ogre.
The ogre is moderately wounded.
The ogre hits you with a giant club!!
Ouch! That really hurt!
You die...

##'######
#......# .#
#......# .####
#...[..# .... .
#......# ... ..
#......# ..##.#
#......# .....
#......##..##.#.
#......@Ow......
#......##..##.##
#......# .....
######## .#####
.# .# ##


You could see an ogre and a worm.

Vanquished Creatures
  2 adders
  A worm (D:2)
  A dart slug (D:1)
  A leopard gecko (D:2)
  2 orcs (D:3)
  6 bats
  5 giant cockroaches
  3 goblins (D:1)
  3 hobgoblins (D:1)
  5 jackals
  5 kobolds
  2 frilled lizards (D:1)
  6 rats
42 creatures vanquished.

Notes
Turn   | Place    | Note
-------+----------+-------------------------------------------
     0 | D:1      | Lochraine the Ghoul Ice Elementalist began the quest for the Orb.
     0 | D:1      | Reached XP level 1. HP: 14/14 MP: 2/2
   214 | D:1      | Reached XP level 2. HP: 15/20 MP: 3/3
   905 | D:1      | Reached skill level 1 in Unarmed Combat
  1180 | D:2      | Learned a level 2 spell: Throw Frost
  1250 | D:2      | Reached XP level 3. HP: 23/26 MP: 5/5
  1252 | D:2      | Reached skill level 1 in Conjurations
  1261 | D:2      | Reached skill level 4 in Ice Magic
  1903 | D:2      | Learned a level 3 spell: Ozocubu's Armour
  2422 | D:3      | Reached XP level 4. HP: 25/33 MP: 6/6
  2892 | D:3      | Noticed kengeki's ghost (weakling HuFi)
  3072 | D:4      | Noticed an ogre
  3079 | D:4      | Mangled by an ogre

Skill      XL: |  1  2  3 |
---------------+----------+-----
Unarmed Combat | 1 |  1.9
Spellcasting   | 2 |  2.2
Conjurations   | 1 |  1.2
Ice Magic      | 4 |  4.1
Dodging        | |  1.7
Stealth        | |  2.1
Shields        | |  0.8

Action                   |  1- 3 |  4- 6 || total
-------------------------+-------+-------++-------
Melee: Unarmed           |   153 |    47 ||   200
       Punch             |     1 |       ||     1
 Cast: Freeze            |     8 |       ||     8
Evoke: Wand              |       |     3 ||     3
 Stab: Sleeping          |     4 |     1 ||     5
       Confused          |       |     1 ||     1
  Eat: Chunk             |     8 |       ||     8
Armor: Robe              |    42 |       ||    42
       Leather armour    |       |     6 ||     6
Dodge: Dodged            |    96 |    11 ||   107
Block: Large shield      |     3 |    20 ||    23
